 Dungeon Crawl Stone Soup version 0.23.2-40-g277498a (webtiles) character file.

Game seed: 6146864268228039102

50 Fang the Skirmisher (level 3, 0/24 HPs)
             Began as a Gargoyle Berserker on Sept 4, 2019.
             Was a Believer of Trog.
             Slain by a worm (5 damage)
             ... on level 2 of the Dungeon.
             The game lasted 00:02:32 (1190 turns).

Fang the Skirmisher (Gargoyle Berserker)            Turns: 1190, Time: 00:02:33

Health: 0/24       AC:  5    Str: 21    XL:     3   Next: 79%
Magic:  3/3        EV: 12    Int:  7    God:    Trog [**....]
Gold:   49         SH:  0    Dex:  9    Spells: 2/2 levels left

rFire    . . .     SeeInvis .   a - +0 hand axe
rCold    . . .     Gourm    .   (no shield)
rNeg     + . .     Faith    .   b - +0 animal skin
rPois    ∞         Spirit   .   (no helmet)
rElec    +         Reflect  .   (no cloak)
rCorr    .         Harm     .   (no gloves)
MR       .....                  (no boots)
Stlth    +.........             (no amulet)
HPRegen  0.08/turn              k - ring of flight
MPRegen  0.08/turn              (no ring)

@: no status effects
A: negative energy resistance 1, electricity resistance, unbreathing,
petrification resistance, rot immunity, AC +3
a: Berserk, Trog's Hand, Renounce Religion, Evoke Flight


You were on level 2 of the Dungeon.
You worshipped Trog.
Trog was pleased with you.
You were not hungry.

You visited 1 branch of the dungeon, and saw 2 of its levels.

You collected 49 gold pieces.

Inventory:

Hand Weapons
 a - a +0 hand axe (weapon)
Armour
 b - a +0 animal skin (worn)
Jewellery
 k - a ring of flight (left hand)
Scrolls
 d - a scroll of enchant armour {unknown}
 e - a scroll of fog {unknown}
 h - a scroll of noise {unknown}
 i - a scroll of remove curse {unknown}
 l - a scroll of fear {unknown}
 n - a scroll of teleportation {unknown}
Potions
 f - a potion of brilliance {unknown}
 g - a potion of might {unknown}
 j - 2 potions of berserk rage {unknown}
Comestibles
 c - a ration
 m - 4 chunks of flesh


   Skills:
 + Level 3.7 Fighting
 + Level 3.1 Axes
 + Level 2.9 Armour
 + Level 2.1 Dodging


You had 2 spell levels left.
You didn't know any spells.
Your spell library was empty.

Dungeon Overview and Level Annotations

Branches:
Dungeon (2/15)

Altars:
Cheibriados


Innate Abilities, Weirdness & Mutations

You are resistant to torment.
Your stone body is resilient. (AC +3)
You are immune to poison.
You resist negative energy. (rN+)
You are resistant to electric shocks. (rElec)
You can survive without breathing.
You are immune to petrification.
You are immune to rotting.


Message History

You are too injured to fight recklessly!
You are too injured to fight recklessly!
You are too injured to fight recklessly!
You hit the worm.
The worm is severely wounded.
The worm bites you but does no damage.
You hit the worm but do no damage.
The worm is heavily wounded.
The worm bites you!
* * * LOW HITPOINT WARNING * * *
You completely miss the worm.
The worm is heavily wounded.
You hit the worm.
The worm is almost dead.
The worm barely misses you.
Some of the chunks of flesh in your inventory have rotted away.
You barely miss the worm.
The worm is almost dead.
The worm bites you.
You die...

..# ...# ...# ...#
############## #...
.............## .(.#
##.###...#
#(.#########.#..@w#
#...).........###....#
#..############ #...#
#..# #..# #..# ..#
#..# .# #..# # #..#
#..#


You could see a worm.

Vanquished Creatures
  An adder (D:2)
  An ooze (D:1)
  A worm (D:2)
  2 dart slugs
  3 bats (D:1)
  A giant cockroach (D:2)
  3 goblins (D:1)
  6 hobgoblins
  2 jackals (D:1)
  4 kobolds
  A frilled lizard (D:2)
  3 rats
28 creatures vanquished.

Notes
Turn   | Place    | Note
-------+----------+-------------------------------------------
     0 | D:1      | Fang the Gargoyle Berserker began the quest for the Orb.
     0 | D:1      | Reached XP level 1. HP: 14/14 MP: 1/1
   167 | D:1      | Reached XP level 2. HP: 16/19 MP: 2/2
   734 | D:1      | Reached XP level 3. HP: 18/23 MP: 3/3
   859 | D:2      | Found a snail-covered altar of Cheibriados.
   917 | D:2      | Reached ** piety under Trog
  1190 | D:2      | Slain by a worm

Skill      XL: |  1  2  3 |
---------------+----------+-----
Axes           | 3 |  3.1
Dodging        | 2 |  2.1
Fighting       | |  3.7
Armour         | |  2.9

Action                   || total
-------------------------++-------
Melee: Hand axe          ||   107
Invok: Berserk           ||     1
 Stab: Sleeping          ||     1
  Eat: Chunk             ||     2
Armor: Animal skin       ||    36
Dodge: Dodged            ||    86
